 Dungeon Sprint DCSS version 0.21.2 (webtiles) character file.

10489 Fang the Severer (level 11, -2/80 HPs)
             Began as a Gargoyle Berserker on Jan 8, 2019.
             Was the Champion of Trog.
             Slain by an eidolon (14 damage)
             ... in the Dungeon (Sprint VII: "The Pits") on Jan 10, 2019.
             The game lasted 00:05:56 (2931 turns).

Fang the Severer (Gargoyle Berserker)               Turns: 2931, Time: 00:05:56

Health: -2/80      AC: 28    Str: 24 (25) XL:     11   Next: 62%
Magic:  11/11      EV: 10    Int:  5 (7)  God:    Trog [******]
Gold:   0          SH:  0    Dex:  9      Spells: 10/10 levels left

rFire    . . .     SeeInvis +   n - +8 executioner's axe (chop)
rCold    . . .     Gourm    .   (shield currently unavailable)
rNeg     + . .     Faith    .   t - +3 plate armour
rPois    ∞         Spirit   .   (no helmet)
rElec    +         Reflect  .   (no cloak)
rCorr    .         Harm     .   (no gloves)
MR       .....     NoTele   +   (no boots)
Stlth    ..........             (no amulet)
HPRegen  0.23/turn              w - ring of see invisible
MPRegen  0.12/turn              r - +3 ring of protection

@: slowed, drained, very slow
A: negative energy resistance 1, electricity resistance, unbreathing,
petrification resistance, rot immunity, AC +8
a: Berserk, Trog's Hand, Brothers in Arms, Burn Spellbooks, Renounce Religion


You were in the Dungeon.
You worshipped Trog.
Trog was exalted by your worship.
You were hungry.

You visited 1 branch

Inventory:

Hand Weapons
 m - a +2 hand axe of freezing
 n - a +8 executioner's axe of chopping (weapon)
 o - a +2 battleaxe of electrocution
 s - a +2 war axe of chopping
 F - a +8 antimagic war axe
Armour
 t - a +3 plate armour (worn)
Jewellery
 p - a +3 ring of evasion
 r - a +3 ring of protection (right hand)
 w - a ring of see invisible (left hand)
 x - an uncursed ring of fire
Scrolls
 b - 3 scrolls of identify
 i - a scroll of blinking
 k - 9 scrolls of remove curse
 l - a scroll of summoning
 u - a scroll of acquirement
 B - a scroll of fog
 C - 2 scrolls of enchant armour
 D - 2 scrolls of enchant weapon
Potions
 a - 2 potions of invisibility
 d - 10 potions of curing
 e - 10 potions of heal wounds
 f - 3 potions of haste
 g - 4 potions of magic
 h - 3 potions of berserk rage
 q - 2 potions of brilliance
 v - 2 potions of might
 z - a potion of resistance
 A - a potion of agility
Books
 y - a book of Maledictions

   Spells                             Type                      Level
   a - Corona                         Hexes                        1
   b - Ensorcelled Hibernation        Hexes/Ice                    2
   c - Confuse                        Hexes                        3
   d - Tukima's Dance                 Hexes                        3
   e - Dazzling Spray                 Conjuration/Hexes            3
   Trog disapproves of the use of such an item.
Comestibles
 c - 10 rations


   Skills:
 + Level 14.7(14.3) Fighting
 + Level 17.8(17.4) Axes
 + Level 11.2(10.9) Armour
 + Level 8.7(8.3) Dodging
 + Level 3.2(2.9) Stealth


You had 10 spell levels left.
You didn't know any spells.

Dungeon Overview and Level Annotations

Branches:
Dungeon (1/1)

Altars:
Cheibriados
Dithmenos
Elyvilon
Fedhas
Gozag
Hepliaklqana
Makhleb
Nemelex Xobeh
Okawaru
Qazlal
Ru
Sif Muna
Trog
Vehumet
Wu Jian
Xom
Yredelemnul
Zin
The Shining One
Beogh
Jiyva
Lugonu


Innate Abilities, Weirdness & Mutations

You are resistant to torment.
Your stone body is resilient. (AC +8)
You are immune to poison.
You resist negative energy. (rN+)
You are resistant to electric shocks. (rElec)
You can survive without breathing.
You are immune to petrification.
You are immune to rotting.


Message History

The eidolon hits you!
The eidolon hits you but does no damage.
You are too injured to fight recklessly!
You are too injured to fight recklessly!
You are too injured to fight recklessly!
You are too injured to fight recklessly!
You are too injured to fight recklessly!
You are too injured to fight recklessly!
You are too injured to fight recklessly!
You hit the eidolon.
The eidolon is heavily damaged.
The eidolon hits you!
* * * LOW HITPOINT WARNING * * *
The eidolon drains your vigour!
You feel as though you will be slow longer.
The eidolon hits you.
* * * LOW HITPOINT WARNING * * *
You feel dopey. The eidolon hits you!
You die...

#++###########
#.............
#.....@W......
#..###########
#..# #..# ##
#..# .# #..#
.# #..# .#
#).#
.##########.[#


You could see an eidolon.

Vanquished Creatures
  A sun demon (D)
  A phantasmal warrior (D)
  A lindwurm (D)
  A manticore (D)
  A deep elf mage (D)
  A cyclops (D)
  An elephant (D)
  Maurice (D)
  2 kobold demonologists (D)
  A rime drake (D)
  A demonic crawler (D)
  A komodo dragon (D)
  A bog body (D)
  A snapping turtle (D)
  A flying skull (D)
  A wraith (D)
  5 yaks (D)
  A redback (D)
  A wyvern (D)
  2 wargs (D)
  Menkaure (D)
  A soldier ant (D)
  An acid dragon (D)
  Duvessa (D)
  A floating eye (D)
  An orc warrior (D)
  An ice beast (D)
  A swamp drake (D)
  A centaur (D)
  A crocodile (D)
  4 big kobolds (D)
  An earth elemental (D)
  Dowan (D)
  A scorpion (D)
  5 wights (D)
  An iron imp (D)
  An orc wizard (D)
  3 orc priests (D)
  An adder (D)
  2 ufetubi (D)
  A worm (D)
  2 orcs (D)
  3 bats (D)
  A bat zombie (D)
  3 giant cockroaches (D)
  A goblin (D)
  A hobgoblin (D)
  4 jackals (D)
  4 kobolds (D)
  A quokka (D)
  3 frilled lizards (D)
  A rat (D)
81 creatures vanquished.

Vanquished Creatures (collateral kills)
  A stone giant (D)
  A yellow draconian (D)
  A guardian serpent (D)
  A large abomination (D)
  A troll (D)
  A soldier ant (D)
  A big kobold (D)
  An iron imp (D)
  A quokka (D)
9 creatures vanquished.

Vanquished Creatures (others)
  A shadow wraith (D)
1 creature vanquished.

Grand Total: 91 creatures vanquished

Notes
Turn   | Place    | Note
-------+----------+-------------------------------------------
     0 | D        | Fang the Gargoyle Berserker began the quest for the Orb.
     0 | D        | Reached XP level 1. HP: 14/14 MP: 1/1
    18 | D        | Reached skill level 3 in Axes
    51 | D        | Found a bloodstained altar of Trog.
    51 | D        | Found a deep blue altar of Sif Muna.
    51 | D        | Found a viscous altar of Jiyva.
    51 | D        | Found a hazy altar of Hepliaklqana.
    51 | D        | Found an opulent altar of Gozag.
    52 | D        | Found a glowing golden altar of the Shining One.
    52 | D        | Found a glowing silver altar of Zin.
    52 | D        | Found a basalt altar of Yredelemnul.
    52 | D        | Found a shimmering altar of Xom.
    52 | D        | Found an ornate altar of the Wu Jian Council.
    52 | D        | Found a sacrificial altar of Ru.
    52 | D        | Found a stormy altar of Qazlal.
    52 | D        | Found an iron altar of Okawaru.
    52 | D        | Found a sparkling altar of Nemelex Xobeh.
    52 | D        | Found a burning altar of Makhleb.
    52 | D        | Found a blossoming altar of Fedhas.
    52 | D        | Found a white marble altar of Elyvilon.
    52 | D        | Found a shadowy altar of Dithmenos.
    52 | D        | Found a snail-covered altar of Cheibriados.
    54 | D        | Found a radiant altar of Vehumet.
    54 | D        | Found a corrupted altar of Lugonu.
    54 | D        | Found a roughly hewn altar of Beogh.
    96 | D        | Reached XP level 2. HP: 20/20 MP: 2/2
    97 | D        | Reached ** piety under Trog
   260 | D        | Reached *** piety under Trog
   265 | D        | Reached skill level 4 in Axes
   268 | D        | Reached XP level 3. HP: 19/25 MP: 3/3
   394 | D        | Noticed a floating eye
   395 | D        | Noticed Duvessa
   395 | D        | Noticed Dowan
   395 | D        | Noticed a warg
   395 | D        | Paralysed by a floating eye for 2 turns
   398 | D        | Reached **** piety under Trog
   403 | D        | Killed Duvessa
   403 | D        | Received a gift from Trog
   403 | D        | Reached skill level 6 in Axes
   403 | D        | Reached skill level 1 in Stealth
   403 | D        | Reached XP level 4. HP: 32/32 MP: 4/4
   403 | D        | Reached XP level 5. HP: 36/36 MP: 5/5
   405 | D        | Killed a floating eye
   405 | D        | Reached skill level 7 in Axes
   405 | D        | Reached XP level 6. HP: 44/44 MP: 6/6
   408 | D        | Killed Dowan
   408 | D        | Reached ***** piety under Trog
   408 | D        | Reached skill level 8 in Axes
   408 | D        | Reached skill level 5 in Dodging
   410 | D        | Killed a warg
   410 | D        | Reached skill level 9 in Axes
   410 | D        | Reached skill level 5 in Armour
   479 | D        | Reached XP level 7. HP: 41/50 MP: 7/7
   537 | D        | Noticed a snapping turtle
   559 | D        | Killed a snapping turtle
   817 | D        | Noticed Menkaure
   819 | D        | Received a gift from Trog
   833 | D        | Killed Menkaure
   833 | D        | Reached skill level 10 in Axes
   892 | D        | Noticed a sun demon
   898 | D        | Killed a sun demon
   898 | D        | Reached skill level 10 in Fighting
   898 | D        | Reached skill level 11 in Axes
   898 | D        | Reached XP level 8. HP: 57/57 MP: 8/8
   905 | D        | Received a gift from Trog
  1071 | D        | Noticed a komodo dragon
  1078 | D        | Reached skill level 12 in Axes
  1078 | D        | Reached XP level 9. HP: 63/63 MP: 9/9
  1082 | D        | Received a gift from Trog
  1084 | D        | Killed a komodo dragon
  1344 | D        | Noticed a phantasmal warrior
  1344 | D        | Noticed an elephant
  1344 | D        | Noticed a deep elf mage
  1350 | D        | Killed an elephant
  1350 | D        | Killed a deep elf mage
  1350 | D        | Reached skill level 13 in Axes
  1352 | D        | Killed a phantasmal warrior
  1619 | D        | Noticed a demonic crawler
  1623 | D        | Killed a demonic crawler
  1623 | D        | Reached ****** piety under Trog
  1623 | D        | Reached skill level 14 in Axes
  1623 | D        | Reached XP level 10. HP: 71/71 MP: 10/10
  1628 | D        | Received a gift from Trog
  1709 | D        | Noticed a cyclops
  1709 | D        | Noticed a lindwurm
  1717 | D        | Killed a lindwurm
  1717 | D        | Received a gift from Trog
  1721 | D        | Killed a cyclops
  1721 | D        | Reached skill level 15 in Axes
  1811 | D        | Noticed a kobold demonologist
  1811 | D        | Noticed a manticore
  1813 | D        | Noticed a kobold demonologist
  1820 | D        | Noticed a sixfirhy
  1823 | D        | Noticed an orange demon
  1823 | D        | Killed a manticore
  1823 | D        | Received a gift from Trog
  1839 | D        | Killed a kobold demonologist
  1843 | D        | Killed a kobold demonologist
  1847 | D        | Received a gift from Trog
  1850 | D        | Noticed a stone giant
  1856 | D        | Reached skill level 16 in Axes
  1858 | D        | Killed a stone giant
  1858 | D        | Reached XP level 11. HP: 27/78 MP: 11/11
  2110 | D        | Noticed Maurice
  2111 | D        | Received a gift from Trog
  2112 | D        | Killed Maurice
  2112 | D        | Reached skill level 10 in Armour
  2113 | D        | Received a gift from Trog
  2121 | D        | Reached skill level 17 in Axes
  2528 | D        | Received a gift from Trog
  2603 | D        | Noticed a yellow draconian
  2607 | D        | Noticed a shadow wraith
  2611 | D        | Killed a shadow wraith
  2613 | D        | Received a gift from Trog
  2622 | D        | Killed a yellow draconian
  2918 | D        | Noticed an eidolon
  2931 | D        | Slain by an eidolon

Skill      XL: |  1  2  3  4  5  6  7  8  9 10 11 |
---------------+----------------------------------+-----
Axes           | 3 4 6 7 9 11 12 14 16 17 | 17.8
Fighting       | 4 6 7 8 10 12 13 14 | 14.7
Dodging        | 2 3 4 5 7 8 |  8.7
Armour         | 3 4 5 6 7 8 9 11 | 11.2
Stealth        | 1 2 3 |  3.2

Action                   |  1- 3 |  4- 6 |  7- 9 | 10-12 || total
-------------------------+-------+-------+-------+-------++-------
Melee: Hand axe          |    35 |    17 |    34 |       ||    86
       Battleaxe         |       |       |    28 |    63 ||    91
       War axe           |       |       |    10 |       ||    10
       Executioner's axe |       |       |       |    54 ||    54
Invok: Berserk           |     2 |       |     5 |     3 ||    10
       Brothers in Arms  |       |       |       |     4 ||     4
  Use: Potion            |       |       |       |     2 ||     2
 Stab: Sleeping          |     1 |       |       |       ||     1
  Eat: Chunk             |       |       |     5 |     8 ||    13
       Ration            |       |       |     1 |       ||     1
Armor: Animal skin       |    13 |       |       |       ||    13
       Ring mail         |     9 |     4 |    17 |       ||    30
       Plate armour      |       |       |    12 |    97 ||   109
Dodge: Dodged            |    56 |     8 |    34 |   105 ||   203
